 Dungeon Crawl Stone Soup version 0.31-a0-1008-g5b978dac0e (webtiles) character file.

Game seed: 16434228947455344398

246 tilp the Sneak (level 5, -1/39 HPs)
             Began as a Vampire Enchanter on Nov 12, 2023.
             Slain by a kobold brigand
             ... wielding a +0 short sword of speed
              (5 damage)
             ... in a sewer.
             The game lasted 00:05:43 (2798 turns).

tilp the Sneak (Vampire Enchanter)                  Turns: 2798, Time: 00:05:43

Health: -1/39      AC:  5    Str:  7    XL:     5   Next: 84%
Magic:  1/9        EV: 16    Int: 19    God:
Gold:   60         SH:  4    Dex: 15    Spells: 4/9 levels left

rFire   . . .        a - +3 dagger
rCold   . . .        u - +0 buckler
rNeg    . . .        s - +1 leather armour {rPois}
rPois   +            (no helmet)
rElec   .            (no cloak)
rCorr   .            l - +0 pair of gloves
SInv    +            (no boots)
Will    .....        (no amulet)
Stlth   +++          g - +5 ring of evasion
HPRegen 0.46/turn    (no ring)
MPRegen 0.11/turn

%: no passive effects
@: healing quickly
A: alive, fangs 3, see invisible, vampiric 2
a: Exsanguinate


You were in a sewer.
You visited 1 branch of the dungeon, and saw 4 of its levels.
You also visited: Sewer.

You collected 230 gold pieces.
You spent 170 gold pieces at shops.

Inventory:

Hand Weapons
 a - a +3 dagger (weapon)
 b - a +1 dagger
Missiles
 d - 34 stones (quivered)
Armour
 i - a +0 robe
 l - a +0 pair of gloves (worn)
 q - a +0 pair of boots
 s - a +1 leather armour of poison resistance (worn)
 u - a +0 buckler (worn)
Jewellery
 g - a +5 ring of evasion (left hand)
Scrolls
 k - 2 scrolls of fog
 p - a scroll of acquirement
 t - a scroll of enchant armour {unknown}
 v - a scroll of identify
Potions
 e - a potion of magic
 h - a potion of brilliance {unknown}
 m - a potion of enlightenment {unknown}
 n - a potion of resistance {unknown}
 o - a potion of haste {unknown}
 r - a potion of attraction {unknown}


   Skills:
 * Level 2.5 Fighting
 * Level 3.4 Short Blades
 + Level 3.0 Dodging
 + Level 5.3 Stealth
 + Level 2.6 Spellcasting
 + Level 5.2 Hexes


You had 4 spell levels left.
You knew the following spells:

 Your Spells              Type           Power      Damage    Failure   Level
a - Ensorcelled Hibernat  Hex/Ice        24%        N/A       21%         2
b - Confusing Touch       Hex            22%        N/A       14%         3

Your spell library contained the following spells:

 Spells                   Type           Power      Damage    Failure   Level
 Tukima's Dance           Hex            22%        N/A       14%         3
 Kiss of Death            Conj/Necr      8%         2d6       38%         1
 Dazzling Flash           Conj/Hex       24%        N/A       38%         3
 Volatile Blastmotes      Fire/Tloc      4%         2d10      77%         3
 Fulminant Prism          Conj/Hex       6%         3d7       80%         4
 Dispel Undead            Necr           2%         3d7       99%         4
 Iskenderun's Mystic Bla  Conj/Tloc      2%         2d3       99%         4


Dungeon Overview and Level Annotations

Branches:
Dungeon (4/15)              Sewer (1/1)
 Temple: D:4-7

Altars:
Yredelemnul

Shops:
D:4 [


Innate Abilities, Weirdness & Mutations

Your natural rate of healing is accelerated.
You have razor-sharp teeth.
You have supernaturally acute eyesight. (SInv)
You are afflicted with vampirism and can become a bat while bloodless.


Message History

The kobold brigand misses you.
The kobold brigand hits you with a +0 dagger.
* * * LOW HITPOINT WARNING * * *
The kobold brigand hits you with a +0 short sword of speed.
* * * LOW HITPOINT WARNING * * *
You hit the kobold brigand.
The kobold brigand is heavily wounded.
The kobold brigand hits you with a +0 short sword of speed.
* * * LOW HITPOINT WARNING * * *
The kobold brigand misses you.
Your magical contamination has completely faded away.
You barely miss the kobold brigand.
The kobold brigand is heavily wounded.
The kobold brigand completely misses you.
The kobold brigand closely misses you. x2
You barely miss the kobold brigand.
The kobold brigand is heavily wounded.
The kobold brigand hits you with a +0 short sword of speed.
* * * LOW HITPOINT WARNING * * *
The kobold brigand completely misses you.
You hit the kobold brigand. Your bite misses the kobold brigand.
The kobold brigand is heavily wounded.
The kobold brigand splashes around in the water.
The kobold brigand hits you with a +0 dagger.
* * * LOW HITPOINT WARNING * * *
You block the kobold brigand's attack.
You hit the kobold brigand.
The kobold brigand is heavily wounded.
The kobold brigand splashes around in the water.
The kobold brigand barely misses you.
Unknown command.
You hit the kobold brigand.
The kobold brigand is severely wounded.
The kobold brigand hits you but does no damage.
The kobold brigand misses you.
The kobold brigand splashes around in the water.
You hit the kobold brigand.
The kobold brigand is severely wounded.
The kobold brigand hits you with a +0 short sword of speed.
You die...

~.# ##~ ~.~~##~.
....~.. #~~.~..
#~~~... #~~~~~.
#~~.~.. #######
##~~.~.. #.~~~@#####
##~.....~
#####KK~~.####..~.##~.
#.~~~.###~~..~~..####.
####### #.~~~~.~~# ##~
#~~.....####.~
#~~~~~########.~~.
~~##### #~~~~. #.~..#
#.~~##


You could see 2 kobold brigands.

Vanquished Creatures
  2 scorpions (D:4)
  5 adders
  A river rat (Sewer)
  4 worms
  7 ball pythons
  10 endoplasms
  7 giant cockroaches
  4 goblins
  3 hobgoblins
  6 kobolds
  7 quokkas
  4 bats
  3 frilled lizards
  4 rats
67 creatures vanquished.

Notes
Turn   | Place    | Note
-------+----------+-------------------------------------------
     0 | D:1      | tilp the Vampire Enchanter began the quest for the Orb.
     0 | D:1      | Reached XP level 1. HP: 13/13 MP: 3/3
   354 | D:1      | Reached XP level 2. HP: 20/20 MP: 5/5
   360 | D:1      | Learned a level 2 spell: Ensorcelled Hibernation
   560 | D:1      | Reached skill level 1 in Fighting
   640 | D:1      | Found a faded altar of an unknown god.
   791 | D:1      | Gained mutation: You are afflicted with vampirism and can
                  | become a bat while bloodless. [Vampire growth]
   791 | D:1      | Reached XP level 3. HP: 26/26 MP: 2/6
  1241 | D:2      | Found a basalt altar of Yredelemnul.
  1331 | D:2      | Reached XP level 4. HP: 32/32 MP: 4/7
  1585 | D:3      | Identified a scroll of acquirement
  1585 | D:3      | Identified the "Xubouhi" (You acquired it on level 3 of
                  | the Dungeon)
  2145 | D:4      | Found Cobit's Armour Shoppe.
  2152 | D:4      | Learned a level 3 spell: Confusing Touch
  2157 | D:4      | Bought a +0 pair of boots for 49 gold pieces
  2157 | D:4      | Bought a +1 leather armour of poison resistance for 121
                  | gold pieces
  2209 | D:4      | Reached skill level 5 in Stealth
  2264 | D:4      | Noticed a scorpion
  2271 | D:4      | Killed a scorpion
  2272 | D:4      | Reached skill level 5 in Hexes
  2272 | D:4      | Reached XP level 5. HP: 38/38 MP: 8/8
  2399 | D:4      | HP: 1/38 [poisoned by a scorpion]
  2425 | D:4      | Found a glowing drain.
  2456 | Sewer    | Entered a sewer
  2798 | Sewer    | Slain by a kobold brigand

Illustrated notes

Levels and vault maps discovered:
D:1:      erik_arrival_triangle_huge, layout_rooms, ebering_ecumenical_altar_box
D:2:      minmay_chambers_of_twos, layout_basic, basic_altar
D:3:      layout_loops_ring, nrook_mini_vaults
D:4:      layout_loops_cross, serial_shops, shop, portal_sewer_entry_f
Sewer:    sewer_co_tree

Skill      XL: |  1  2  3  4  5 |
---------------+----------------+-----
Fighting       | 1 2 |  2.5
Short Blades   | 2 3 |  3.4
Stealth        | 5 |  5.3
Hexes          | 5 |  5.2
Dodging        | 3 |  3.0
Spellcasting   | |  2.6

Action                     |  1- 3 |  4- 6 || total
---------------------------+-------+-------++-------
  Melee: Dagger            |    78 |   107 ||   185
         Bite              |    12 |     8 ||    20
         Punch             |       |     1 ||     1
   Cast: Ensorcelled Hiber |    15 |    13 ||    28
    Use: Scroll            |     2 |     2 ||     4
         Potion            |       |     5 ||     5
   Stab: Sleeping          |    16 |    15 ||    31
         Invisible         |       |     1 ||     1
 Armour: Robe              |    32 |     6 ||    38
         Leather armour    |       |    75 ||    75
  Dodge: Dodged            |    34 |   186 ||   220
  Block: Buckler           |       |    35 ||    35

Table legend: (Time is in decaauts)
 A = Elapsed time spent in this place.
 B = Non-inter-level travel time spent in this place.
 C = Inter-level travel time spent in this place.
 D = Time resting spent in this place.
 E = Time spent auto-exploring this place.
 F = Levels seen in this place.
 G = Mean time per level.
                   A        B        C        D        E       F      G
               +--------+--------+--------+--------+--------+-----+--------+
         Total |   2804 |   2765 |     39 |    371 |   1644 |   5 |  560.8 |
       Dungeon |   2443 |   2404 |     39 |    218 |   1509 |   4 |  610.8 |
         Sewer |    361 |    361 |      0 |    153 |    135 |   1 |  361.0 |
               +--------+--------+--------+--------+--------+-----+--------+

Top non-repeatable levels by time:
     D:1: 968 daAuts
     D:2: 606 daAuts
     D:3: 557 daAuts
   Sewer: 361 daAuts
     D:4: 311 daAuts
